 Dungeon Crawl Stone Soup version 0.24-a0-189-g5d897e9104 (webtiles) character file.

Game seed: 11483971127884273242

2709 Maize the Cleaver (level 9, -13/81 HPs)
             Began as a Minotaur Fighter on Mar 16, 2019.
             Was an Elder of Okawaru.
             Mangled by an ogre
             ... wielding a +0 giant club
              (14 damage)
             ... on level 7 of the Dungeon.
             The game lasted 00:10:01 (5165 turns).

Maize the Cleaver (Minotaur Fighter)                Turns: 5165, Time: 00:10:04

Health: -13/81     AC:  9    Str: 23    XL:     9   Next: 39%
Magic:  11/11      EV:  7    Int:  5    God:    Okawaru [****..]
Gold:   369        SH: 11    Dex: 11    Spells: 8/8 levels left

rFire    . . .     SeeInvis .   a - +0 war axe
rCold    . . .     Gourm    .   c - +0 shield
rNeg     . . .     Faith    +   j - +0 chain mail
rPois    .         Spirit   .   (helmet restricted)
rElec    .         Reflect  .   (no cloak)
rCorr    +         Harm     .   (no gloves)
MR       .....                  (no boots)
Stlth    ..........             E - amulet of faith
HPRegen  0.23/turn              B - ring of resist corrosion
MPRegen  0.12/turn              F - +1 ring of evasion

@: lethally poisoned (-13 -> -13)
A: retaliatory headbutt, horns 2
a: Heroism, Renounce Religion


You were on level 7 of the Dungeon.
You worshipped Okawaru.
Okawaru was greatly pleased with you.
You were not hungry.

You visited 1 branch of the dungeon, and saw 7 of its levels.

You collected 369 gold pieces.

Inventory:

Hand Weapons
 a - a +0 war axe (weapon)
 w - a +2 hand axe of flaming
Missiles
 A - 3 tomahawks of returning (quivered)
Armour
 c - a +0 shield (worn)
 i - a +0 ring mail of fire resistance
 j - a +0 chain mail (worn)
Jewellery
 B - a ring of resist corrosion (left hand)
 E - an amulet of faith (around neck)
 F - a +1 ring of evasion (right hand)
Wands
 b - a wand of acid (8)
 C - a wand of clouds (3)
Scrolls
 e - a scroll of blinking
 l - 4 scrolls of remove curse
 m - a scroll of teleportation
 q - 2 scrolls of enchant weapon
 t - 2 scrolls of fog {unknown}
 u - a scroll of fear {unknown}
 y - 2 scrolls of enchant armour {unknown}
 z - 4 scrolls of identify
Potions
 d - a potion of might
 k - a potion of degeneration {unknown}
 n - a potion of invisibility
 o - 4 potions of heal wounds {unknown}
 p - 2 potions of agility
 r - a potion of haste {unknown}
 s - 3 potions of resistance {unknown}
 v - 2 potions of curing {unknown}
 x - a potion of ambrosia {unknown}
 D - 3 potions of mutation {unknown}
Comestibles
 f - 14 rations
 g - 3 chunks of flesh


   Skills:
 + Level 8.0 Fighting
 * Level 10.3 Axes
 - Level 3.9 Armour
 + Level 8.0 Shields
 + Level 4.5 Invocations


You had 8 spell levels left.
You didn't know any spells.
Your spell library was empty.

Dungeon Overview and Level Annotations

Branches:
Dungeon (7/15)             Temple (0/1) D:4

Altars:
Ashenzari
Okawaru
Ru
Uskayaw
Wu Jian


Innate Abilities, Weirdness & Mutations

You reflexively headbutt those who attack you in melee.
You have a pair of horns on your head.


Message History

* * * LOW HITPOINT WARNING * * *
A hippogriff comes into view.
The centaur unwields a +0 shortbow.
The centaur closely misses you.
A howler monkey zombie comes into view.
The crimson imp moves out of view.
Items here: ) [ †† the +9 halberd "Adyd" {chop, Int+4}; a +0 leather armour; an orc corpse a hound corpse You closely miss the ogre.
The hippogriff screeches!
You slash the centaur!
You feel sick. You block the centaur's attack.
The ogre hits you with a +0 giant club!
* * * LOW HITPOINT WARNING * * *
You slash the centaur!
You kill the centaur!
Okawaru accepts your kill.
Your Fighting skill increases to level 8!
Your Shields skill increases to level 8!
You closely miss the ogre. The ogre hits you with a +0 giant club!
You die...

### #### #.. ...
###.# #.### #.._.
.. #.... #.#.#
..>>#...#######.#
#.#..
#....)@((.....#
#....
...###O###...###
###..
##.....##..## #..
#.......##..# #..
#...#†#...##.#
#..
#.Z.H#.#....#.#
#..
#...##.##...#.##
#..
#....##..#..÷...#
###
.....#...#...#..#
#####


You could see a hippogriff, an ogre and a howler monkey zombie.

Vanquished Creatures
  The ghost of Zentennen the Shield-Bearer, a novice GrFi (D:5)
  A shadow (D:7)
  A water moccasin (D:6)
  An orc warrior (D:6)
  An ice beast (D:6)
  2 black bears
  A phantom (D:7)
  3 ogres
  3 centaurs
  3 bullfrogs
  A scorpion (D:6)
  5 hounds
  A jelly (D:5)
  3 orc priests
  A gnoll shaman (D:5)
  4 orc wizards
  2 centaur skeletons (D:5)
  A bullfrog skeleton (D:7)
  2 iguanas
  9 worker ants
  A hound skeleton (D:6)
  2 worker ant zombies (D:6)
  8 gnolls
  4 adders
  3 shadow imps
  An ooze (D:1)
  An adder zombie (D:6)
  A worm (D:4)
  A dart slug (D:2)
  3 leopard geckos
  23 orcs
  4 giant cockroaches
  6 goblins
  4 hobgoblins
  16 jackals
  3 kobolds
  2 quokkas
  2 ball pythons
  8 bats
  6 frilled lizards
  A leopard gecko skeleton (D:7)
  6 rats
152 creatures vanquished.

Notes
Turn   | Place    | Note
-------+----------+-------------------------------------------
     0 | D:1      | Maize the Minotaur Fighter began the quest for the Orb.
     0 | D:1      | Reached XP level 1. HP: 19/19 MP: 0/0
   121 | D:1      | Reached XP level 2. HP: 27/27 MP: 1/1
   248 | D:1      | Reached skill level 3 in Axes
   627 | D:2      | Reached XP level 3. HP: 33/33 MP: 2/2
   976 | D:2      | Reached skill level 4 in Axes
   976 | D:2      | Reached XP level 4. HP: 30/40 MP: 3/3
  1710 | D:3      | Found a hide-covered altar of Uskayaw.
  1711 | D:3      | Found an ornate altar of the Wu Jian Council.
  1966 | D:3      | Noticed a bullfrog
  1971 | D:3      | Killed a bullfrog
  1971 | D:3      | Reached skill level 5 in Axes
  1971 | D:3      | Reached XP level 5. HP: 47/47 MP: 4/4
  2229 | D:4      | Found an iron altar of Okawaru.
  2241 | D:4      | Became a worshipper of Warmaster Okawaru
  2325 | D:4      | Reached skill level 5 in Fighting
  2326 | D:4      | Reached skill level 5 in Shields
  2398 | D:4      | Found a sacrificial altar of Ru.
  2475 | D:4      | Reached XP level 6. HP: 51/56 MP: 5/5
  2582 | D:4      | Found a staircase to the Ecumenical Temple.
  2679 | D:5      | Entered Level 5 of the Dungeon
  2945 | D:5      | Reached * piety under Okawaru
  2945 | D:5      | Reached skill level 6 in Axes
  3402 | D:5      | Reached XP level 7. HP: 54/62 MP: 6/6
  3425 | D:5      | Reached skill level 7 in Axes
  3425 | D:5      | Reached skill level 1 in Invocations
  3858 | D:5      | Found a large runed translucent door.
  3858 | D:5      | Found a large runed translucent door.
  3859 | D:5      | Noticed Zentennen's ghost (novice GrFi)
  3880 | D:5      | Killed Zentennen's ghost
  3880 | D:5      | Reached ** piety under Okawaru
  3880 | D:5      | Reached XP level 8. HP: 56/71 MP: 8/8
  3924 | D:6      | Reached skill level 8 in Axes
  4388 | D:6      | Reached *** piety under Okawaru
  4388 | D:6      | Reached skill level 9 in Axes
  4846 | D:7      | Found a shattered altar of Ashenzari.
  4850 | D:7      | Reached XP level 9. HP: 79/79 MP: 10/10
  5094 | D:7      | Reached **** piety under Okawaru
  5094 | D:7      | Reached skill level 10 in Axes
  5124 | D:7      | Identified the +9 halberd "Adyd" {chop, Int+4}
  5164 | D:7      | HP: 1/81 [ogre/+0 giant club (17)]
  5165 | D:7      | Mangled by an ogre

Levels and vault maps discovered:
D:1:      dpeg_arrival_tiny_i, layout_loops_ring, feat_on_display
D:2:      layout_basic
D:3:      layout_basic, gammafunk_temple_overflow_statue
D:4:      layout_cave_pools, nicolae_overflow_crystal_walls,
          minmay_temple_entry_enclosed_plants, minivault_24,
          okawaru_metal_pillars_1_2
D:5:      layout_basic, ebering_ghost_disaster_area, first_ration
D:6:      layout_layer_cave, kennysheep_generic_room_7
D:7:      minmay_the_grid_octo_triangle [minmay_the_grid_octo_vomiting_pacman,
          minmay_the_grid_octo_prize_square_snowflake,
          minmay_the_grid_octo_checkerflower], layout_basic,
          lemuel_crystal_altar, grunt_ogre_cave,
          hangedman_abyss_or_decor_lesser_grid

Skill      XL: |  1  2  3  4  5  6  7  8  9 |
---------------+----------------------------+-----
Axes           | 3 4 5 6 7 9 10 | 10.3
Shields        | 4 5 6 7 8 |  8.0
Fighting       | 4 5 6 7 8 |  8.0
Invocations    | 2 3 4 |  4.5
Armour         | |  3.9

Action                   |  1- 3 |  4- 6 |  7- 9 || total
-------------------------+-------+-------+-------++-------
Melee: War axe           |    95 |   127 |   211 ||   433
       Headbutt          |     5 |    20 |    50 ||    75
Invok: Heroism           |       |       |     3 ||     3
  Use: Scroll            |       |     3 |     3 ||     6
  Eat: Chunk             |       |     7 |     7 ||    14
Armor: Scale mail        |    33 |       |       ||    33
       Chain mail        |    50 |    48 |    79 ||   177
Dodge: Dodged            |    35 |    44 |    45 ||   124
Block: Shield            |    84 |    78 |   110 ||   272

Table legend:
 A = Non-vault XP
 B = Vault XP
 C = Vault XP percentage of total XP
 D = Non-vault monster count
 E = Vault monster count
 F = Vault count percentage of total count
                 A         B        C        D         E       F
            +---------+---------+-------+---------+---------+-------
      Total |    2775 |    1096 |  28.3 |     138 |      14 |   9.2
            +---------+---------+-------+---------+---------+-------
        D:1 |      39 |       0 |   0.0 |      22 |       0 |   0.0
        D:2 |     130 |       0 |   0.0 |      24 |       0 |   0.0
        D:3 |     116 |       0 |   0.0 |      13 |       0 |   0.0
        D:4 |     116 |       0 |   0.0 |      12 |       0 |   0.0
        D:5 |     709 |     355 |  33.4 |      25 |       1 |   3.8
        D:6 |     962 |      36 |   3.6 |      20 |       1 |   4.8
        D:7 |     703 |     705 |  50.1 |      22 |      12 |  35.3
            +---------+---------+-------+---------+---------+-------
